 Dungeon Crawl Stone Soup version 0.21.1-1-g345015fe64 (webtiles) character file.

72 Hercules1031 the Chopper (level 4, 0/39 HPs)
             Began as a Minotaur Fighter on June 14, 2018.
             Slain by a leopard gecko (1 damage)
             ... on level 2 of the Dungeon.
             The game lasted 00:15:39 (733 turns).

Hercules1031 the Chopper (Minotaur Fighter)          Turns: 733, Time: 00:15:40

Health: 0/39       AC:  5    Str: 21    XL:     4   Next: 6%
Magic:  0/3        EV:  8    Int:  5    God:
Gold:   21         SH:  9    Dex: 10    Spells: 3/3 levels left

rFire    . . .     SeeInvis .   a - +0 war axe
rCold    . . .     Gourm    .   c - +0 shield
rNeg     . . .     Faith    .   e - +0 ring mail (curse)
rPois    .         Spirit   +   (helmet restricted)
rElec    .         Reflect  .   (no cloak)
rCorr    .         Harm     .   (no gloves)
MR       .....                  (no boots)
Stlth    ..........             g - amulet of guardian spirit
HPRegen  0.13/turn              (no ring)
MPRegen  0.08/turn              (no ring)

@: no status effects
A: retaliatory headbutt, horns 2
a: no special abilities


You were on level 2 of the Dungeon.
You were very full.

You visited 1 branch of the dungeon, and saw 2 of its levels.

You collected 21 gold pieces.

Inventory:

Hand Weapons
 a - a +0 war axe (weapon)
Armour
 b - a +0 scale mail
 c - a +0 shield (worn)
 e - a cursed +0 ring mail (worn)
Jewellery
 g - an amulet of guardian spirit (around neck)
Potions
 d - a potion of might
 h - a potion of brilliance
Comestibles
 f - 6 rations


   Skills:
 - Level 3.6 Fighting
 + Level 5.3 Axes
 - Level 3.6 Armour
 - Level 3.6 Shields


You had 3 spell levels left.
You didn't know any spells.

Dungeon Overview and Level Annotations

Branches:
Dungeon (2/15)

Altars:


Innate Abilities, Weirdness & Mutations

You reflexively headbutt those who attack you in melee.
You have a pair of horns on your head.


Message History

You see here a ball python corpse.
You feel sick.
You are no longer poisoned.
Found a ration.
The leopard gecko bites you but does no damage.
Found a stone staircase leading up.
The leopard gecko bites you but does no damage.
You block the leopard gecko's attack.
You closely miss the leopard gecko. Your headbutt misses the leopard gecko.
You block the leopard gecko's attack. You block the leopard gecko's attack.
The leopard gecko bites you. You block the leopard gecko's attack.
The leopard gecko bites you. You block the leopard gecko's attack.
The leopard gecko bites you.
* * * LOW HITPOINT WARNING * * *
The leopard gecko bites you.
* * * LOW HITPOINT WARNING * * *
You block the leopard gecko's attack. The leopard gecko bites you.
You die...

#.#####..### ..........#
########.#
#)#......###$.......###
#..........?...........
###.#.†.)..###..........
#...#.).†).# #........###
#.#....†)..###...........
# #.#.$....†.........#
#.#...........@....# #
#...........l....###
>.....................
#.#...#...........####.
..#.....#.#.#.....# ##
#.....#.#.#.....#
.....<#.#.#....... #...
#.#.....%..<# #.#.#######


You could see a leopard gecko.

Vanquished Creatures
  Robin (D:2)
  An adder (D:2)
  3 dart slugs
  4 bats (D:1)
  11 goblins
  10 hobgoblins
  2 jackals (D:1)
  A ball python (D:2)
  2 frilled lizards (D:1)
  2 kobolds
  5 rats
42 creatures vanquished.

Notes
Turn   | Place    | Note
-------+----------+-------------------------------------------
     0 | D:1      | Hercules1031 the Minotaur Fighter began the quest for the Orb.
     0 | D:1      | Reached XP level 1. HP: 19/19 MP: 0/0
    30 | D:1      | Reached skill level 3 in Axes
    66 | D:1      | Reached XP level 2. HP: 26/26 MP: 1/1
   263 | D:1      | Reached skill level 4 in Axes
   530 | D:1      | Reached XP level 3. HP: 31/31 MP: 2/2
   688 | D:2      | Noticed Robin
   697 | D:2      | Killed Robin
   697 | D:2      | Reached skill level 5 in Axes
   705 | D:2      | Reached XP level 4. HP: 6/39 MP: 1/3
   732 | D:2      | HP: 1/39 [leopard gecko (1)]
   733 | D:2      | Slain by a leopard gecko

Skill      XL: |  1  2  3 |
---------------+----------+-----
Axes           | 3 4 5 |  5.3
Fighting       | |  3.6
Armour         | |  3.6
Shields        | |  3.6

Action                   |  1- 3 |  4- 6 || total
-------------------------+-------+-------++-------
Melee: War axe           |    80 |     4 ||    84
       Headbutt          |    13 |       ||    13
  Use: Potion            |     2 |       ||     2
       Scroll            |     1 |       ||     1
  Eat: Ration            |     2 |       ||     2
Armor: Scale mail        |    26 |       ||    26
       Ring mail         |    16 |     2 ||    18
Dodge: Dodged            |    36 |       ||    36
Block: Shield            |    46 |     6 ||    52
